 Dungeon Crawl Stone Soup version 0.29-a0-1027-gcd8c55af63 (webtiles) character file.

Game seed: 13629124973543574703

1619 27heaven the Magician (level 8, -10/66 HPs)
             Began as a Demigod Fighter on Aug 12, 2022.
             Killed from afar by a gargoyle (23 damage)
             ... with a stone arrow
             ... on level 5 of the Dungeon.
             The game lasted 00:26:26 (9308 turns).

27heaven the Magician (Demigod Fighter)             Turns: 9308, Time: 00:26:27

Health: -10/66     AC:  6    Str: 13    XL:     8   Next: 37%
Magic:  10/19      EV: 13    Int: 27    God:
Gold:   207        SH:  5    Dex: 19    Spells: 7/17 levels left

rFire   x . .      SeeInvis +   d - +0 long sword
rCold   + + .      Faith    .   (no shield)
rNeg    . . .      Spirit   .   p - +2 robe "Faubeako" {rC+ Will+ Int+2}
rPois   .          Reflect  +   s - +1 helmet
rElec   .          Harm     .   (no cloak)
rCorr   .          Rampage  .   (no gloves)
Will    +....                   (no boots)
Stlth   ++........              a - amulet of reflection
HPRegen 0.21/turn               m - ring of the Stallion {Ice Str-4 Int+7 SInv}
MPRegen 0.16/turn               q - +6 ring of dexterity

@: very slightly contaminated, hasted, very quick
A: high MP 1, forlorn, divine attributes
a: no special abilities


You were on level 5 of the Dungeon.
You visited 1 branch of the dungeon, and saw 6 of its levels.
You also visited: Sewer.

You collected 361 gold pieces.
You spent 154 gold pieces at shops.

Inventory:

Hand Weapons
 d - a +0 long sword (weapon)
 u - a +1 whip of venom
 E - a +3 mace
 G - the +3 dagger "Xon Icydd" {antimagic, Contam rElec Int+4}
   (You bought it in a shop on level 5 of the Dungeon)

   It reduces the magical energy of the wielder, and disrupts the spells and
   magical abilities of those it strikes.
   Natural abilities and divine invocations are not affected.
   Int:       It affects your intelligence (+4).
   rElec:     It insulates you from electricity.
   Contam:    It causes magical contamination when unequipped.
Armour
 b - a +0 buckler
 p - the +2 robe "Faubeako" (worn) {rC+ Will+ Int+2}
   (You found it on level 2 of the Dungeon)

   Int:       It affects your intelligence (+2).
   rC:        It protects you from cold.
   Will:      It increases your willpower.
 s - a +1 helmet (worn)
 H - a +2 leather armour of positive energy
Jewellery
 a - an amulet of reflection (around neck)
 m - the ring of the Stallion (left hand) {Ice Str-4 Int+7 SInv}
   (You took it off a goblin on level 2 of the Dungeon)

   [ring of ice]

   It enhances your ice magic.
   Str:       It affects your strength (-4).
   Int:       It affects your intelligence (+7).
   rF:        It makes you vulnerable to fire.
   rC:        It protects you from cold.
   SInv:      It lets you see invisible.
 q - a +6 ring of dexterity (right hand)
 t - a ring of willpower
 A - a ring of fire
Wands
 y - a wand of light (5)
Scrolls
 e - a scroll of fog {unknown}
 f - 2 scrolls of amnesia
 h - a scroll of poison
 i - a scroll of immolation
 j - a scroll of torment {unknown}
 n - 2 scrolls of enchant weapon
 o - 2 scrolls of teleportation {unknown}
 r - 2 scrolls of vulnerability
 w - 2 scrolls of blinking {unknown}
 D - a scroll of brand weapon {unknown}
 I - a scroll of silence {unknown}
Potions
 c - 4 potions of might
 k - 4 potions of curing
 l - a potion of haste
 v - 2 potions of invisibility {unknown}
 x - a potion of heal wounds {unknown}
 z - a potion of magic {unknown}
 B - a potion of attraction {unknown}
 C - 2 potions of degeneration {unknown}
 F - 2 potions of lignification {unknown}


   Skills:
 + Level 4.2 Fighting
 - Level 2.6 Armour
 + Level 3.0 Dodging
 + Level 4.3 Shields
 - Level 1.7 Unarmed Combat
 * Level 5.2 Spellcasting
 - Level 3.0 Conjurations
 - Level 3.0 Summonings
 - Level 3.0 Air Magic


You had 7 spell levels left.
You knew the following spells:

 Your Spells              Type           Power      Damage    Failure   Level
a - Static Discharge      Conj/Air       23%        3-6/arc   3%          2
b - Magic Dart            Conj           92%        1d7       1%          1
c - Call Imp              Summ           23%        N/A       3%          2
d - Lightning Bolt        Conj/Air       11%        1d24      50%         5

Your spell library contained the following spells:

 Spells                   Type           Power      Damage    Failure   Level
 Mephitic Cloud           Conj/Pois/Air  17%        N/A       10%         3
 Ignite Poison            Fire/Tmut/Pois 7%         N/A       22%         3
 Freezing Cloud           Conj/Ice/Air   13%        6-21      65%         5
 Maxwell's Capacitive Co  Air            11%        ∞         100%        8


Dungeon Overview and Level Annotations

Branches:
Dungeon (6/15)             Temple (0/1) D:5           Sewer (visited)

Shops:
D:5 (


Innate Abilities, Weirdness & Mutations

You have an increased reservoir of magic. (+10% MP)
You shall have no god before yourself.
Your divine heritage dramatically boosts your attributes as you level up.


Message History

You climb upwards.
There is a stone staircase leading down here.
The gargoyle hurls a stone arrow at you.
The stone arrow hits you!
Casting: Lightning Bolt (quite dangerous; 50% risk of failure)
Confirm with . or Enter, or press ? or * to list all spells.
The spell is quite dangerous to miscast (50% risk of failure)!
Continue anyway?
Aiming: Lightning Bolt (quite dangerous; 50% risk of failure)
Press: ? - help, Shift-Dir - straight line
Okay, then.
The gargoyle attacks as you move away!
The gargoyle hits you with a +0 morningstar!
Casting: Lightning Bolt (quite dangerous; 50% risk of failure)
Confirm with . or Enter, or press ? or * to list all spells.
The spell is quite dangerous to miscast (50% risk of failure)!
Continue anyway?
Aiming: Lightning Bolt (quite dangerous; 50% risk of failure)
Press: ? - help, Shift-Dir - straight line, f - gargoyle
Aim: a gargoyle, wielding a +0 morningstar (81% to hit)
You miscast Lightning Bolt.
You are very lightly contaminated with residual magic.
A wave of violent energy washes through your body!!
* * * LOW HITPOINT WARNING * * *
The gargoyle barely misses you.
Casting: Lightning Bolt (quite dangerous; 50% risk of failure)
Confirm with . or Enter, or press ? or * to list all spells.
The spell is quite dangerous to miscast (50% risk of failure)!
Continue anyway?
Aiming: Lightning Bolt (quite dangerous; 50% risk of failure)
Press: ? - help, Shift-Dir - straight line, f/p - gargoyle
Aim: a gargoyle, wielding a +0 morningstar (81% to hit)
You hear a mighty clap of thunder!
The bolt of lightning hits the gargoyle.
The gargoyle resists.
The gargoyle is lightly damaged.
The gargoyle hits you with a +0 morningstar!
* * * LOW HITPOINT WARNING * * *
You feel better. The gargoyle closely misses you.
You feel yourself speed up. The gargoyle closely misses you.
The gargoyle hurls a stone arrow at you.
The stone arrow hits you!!
You die...

#.# #.####### #.#
#.......###### #.#
#.#####......# #.# #.#
#.####.# ###.#### #####
### #.# .......#
###_###8####.# .#####.#
###8...8...8##.# .#
#.######.........##.# .#
#.....#8...@..9..>#.# .#
#.######.........####
.#####.######8...8...8###
...........####_###8###
.##.#.###### ### ###
.##.#..## ....#...#
.######'#### ..##.......#


You could see a gargoyle.

Vanquished Creatures
  Menkaure (D:6)
  An ice beast (D:6)
  3 centaurs (D:5)
  3 kobold brigands (Sewer)
  2 scorpions (D:5)
  2 howler monkeys
  2 jellies
  4 hounds
  An orc priest (D:6)
  Natasha (thrice) (D:3)
  3 iguanas
  2 orc wizards (D:6)
  Robin (D:3)
  3 gnolls (D:4)
  13 adders
  2 shadow imps
  2 white imps
  2 ufetubi
  3 worms
  4 dart slugs
  7 orcs
  14 ball pythons
  3 endoplasms
  A giant cockroach (Sewer)
  11 goblins
  13 hobgoblins
  7 jackals
  24 kobolds
  4 quokkas
  10 bats
  5 frilled lizards
  4 rats
160 creatures vanquished.

Vanquished Creatures (collateral kills)
  Terence (D:3)
  A bat (D:3)
2 creatures vanquished.

Vanquished Creatures (others)
  A fungus (Sewer)
  5 plants
6 creatures vanquished.

Grand Total: 168 creatures vanquished

Notes
Turn   | Place    | Note
-------+----------+-------------------------------------------
     0 | D:1      | 27heaven the Demigod Fighter began the quest for the Orb.
     0 | D:1      | Reached XP level 1. HP: 18/18 MP: 3/3
   103 | D:1      | Reached skill level 1 in Spellcasting
   385 | D:1      | Reached XP level 2. HP: 16/25 MP: 6/6
   701 | D:1      | Reached skill level 2 in Spellcasting
  1033 | D:1      | Reached XP level 3. HP: 27/30 MP: 9/9
  1664 | D:2      | Identified the ring of the Stallion {Ice Str-4 Int+7 SInv}
  1777 | D:2      | Identified the +2 robe "Faubeako" {rC+ Will+ Int+2}
  1793 | D:2      | Learned a level 2 spell: Static Discharge
  2240 | D:2      | Learned a level 1 spell: Magic Dart
  2455 | D:3      | Noticed Natasha
  2458 | D:3      | Killed Natasha
  2459 | D:3      | Reached skill level 3 in Spellcasting
  2459 | D:3      | Reached XP level 4. HP: 27/37 MP: 6/11
  2469 | D:3      | Noticed Natasha
  2555 | D:3      | Found a glowing drain.
  2577 | D:3      | Noticed Robin
  2587 | D:3      | Killed Robin
  2588 | D:3      | Reached skill level 1 in Conjurations
  2594 | D:3      | Reached skill level 1 in Air Magic
  2623 | Sewer    | Entered a sewer
  2806 | Sewer    | Learned a level 2 spell: Call Imp
  2891 | Sewer    | Noticed a kobold brigand
  2901 | Sewer    | Killed a kobold brigand
  2902 | Sewer    | Reached skill level 1 in Dodging
  2902 | Sewer    | Reached XP level 5. HP: 9/44 MP: 0/12
  3279 | Sewer    | Reached skill level 1 in Summonings
  3285 | Sewer    | Reached XP level 6. HP: 19/51 MP: 1/14
  3662 | D:3      | Killed Natasha
  3937 | D:3      | Noticed Natasha
  3947 | D:3      | Killed Natasha
  4217 | D:3      | Noticed Terence
  4225 | D:3      | Killed Terence
  5778 | D:4      | Reached XP level 7. HP: 45/57 MP: 6/15
  6088 | D:5      | Entered Level 5 of the Dungeon
  6245 | D:5      | Found Qynuonot's Antique Weapon Boutique.
  6248 | D:5      | Bought a dazzling dagger for 154 gold pieces
  6248 | D:5      | Identified the +3 dagger "Xon Icydd" {antimagic, Contam
                  | rElec Int+4} (You bought it in a shop on level 5 of the
                  | Dungeon)
  6279 | D:5      | Reached skill level 4 in Spellcasting
  6911 | D:5      | Found a staircase to the Ecumenical Temple.
  7098 | D:5      | Noticed a +0 short sword
  7098 | D:5      | Noticed a +0 spear
  7098 | D:5      | Noticed a +0 falchion
  7099 | D:5      | Noticed a +0 short sword
  7099 | D:5      | Noticed a +0 spear
  7124 | D:5      | Noticed a +0 falchion
  7124 | D:5      | Noticed a +0 dagger
  7125 | D:5      | Noticed a +0 dagger
  7369 | D:5      | Reached XP level 8. HP: 66/66 MP: 13/18
  7865 | D:6      | Noticed Menkaure
  8120 | D:6      | Reached skill level 5 in Spellcasting
  8120 | D:6      | Killed Menkaure
  8366 | D:6      | Noticed a gargoyle
  9091 | D:5      | Learned a level 5 spell: Lightning Bolt
  9308 | D:5      | Killed from afar by a gargoyle

Illustrated notes

Levels and vault maps discovered:
D:1:      tarquinn_simple_flora_water_d, layout_basic,
          chequers_ecumenical_altar_simple, minmay_quantized
D:2:      layout_basic, minivault_24
D:3:      layout_basic, cheibrodos_sewer_entry_drain, uniq_robin, uniq_natasha,
          uniq_terence
D:4:      layout_basic, mainiacjoe_overflow_catwalk, serial_forest,
          infiniplex_forest_clump_small, infiniplex_forest_straight_2,
          infiniplex_forest_lined_1, infiniplex_forest_lined_3_way,
          infiniplex_forest_end_2, infiniplex_forest_corner_1,
          infiniplex_forest_lined_3, infiniplex_forest_clump_curved
D:5:      minmay_diamond_boxcup, layout_loops_ring, nicolae_uskayaw_en_pointe,
          nicolae_overflow_hidden_temple, temple_green, serial_shops,
          nicolae_stop_n_shop_2, grunt_ministairs_10
D:6:      layout_basic, kb_rosetta, uniq_menkaure, uniq_duvessa

Skill      XL: |  1  2  3  4  5  6  7  8 |
---------------+-------------------------+-----
Spellcasting   | 1 2 3 4 5 |  5.2
Conjurations   | 1 2 3 |  3.0
Air Magic      | 1 2 3 |  3.0
Dodging        | 1 2 3 |  3.0
Shields        | 3 4 |  4.3
Fighting       | 3 4 |  4.2
Summonings     | 1 2 3 |  3.0
Armour         | |  2.6
Unarmed Combat | |  1.7

Action                   |  1- 3 |  4- 6 |  7- 9 || total
-------------------------+-------+-------+-------++-------
Melee: Long sword        |   134 |    90 |    20 ||   244
       Unarmed           |     3 |       |       ||     3
       Punch             |     1 |     3 |       ||     4
 Cast: Static Discharge  |     3 |    27 |    36 ||    66
       Call Imp          |       |     6 |     8 ||    14
       Magic Dart        |       |    74 |    86 ||   160
       Lightning Bolt    |       |       |     1 ||     1
  Use: Scroll            |     5 |     2 |       ||     7
       Potion            |       |       |     5 ||     5
 Stab: Sleeping          |     1 |     2 |       ||     3
Armor: Scale mail        |    92 |       |       ||    92
       Robe              |     7 |    27 |    16 ||    50
Dodge: Dodged            |    67 |    67 |    48 ||   182
Block: Buckler           |    36 |       |       ||    36
       Other             |     2 |    26 |    15 ||    43
       Reflection        |       |       |     2 ||     2

Table legend: (Time is in decaauts)
 A = Elapsed time spent in this place.
 B = Non-inter-level travel time spent in this place.
 C = Inter-level travel time spent in this place.
 D = Time resting spent in this place.
 E = Time spent auto-exploring this place.
 F = Levels seen in this place.
 G = Mean time per level.
                   A        B        C        D        E       F      G
               +--------+--------+--------+--------+--------+-----+--------+
         Total |   9447 |   9110 |    337 |   2084 |   5051 |   7 | 1349.6 |
       Dungeon |   8541 |   8204 |    337 |   1630 |   4794 |   6 | 1423.5 |
         Sewer |    905 |    905 |      0 |    454 |    257 |   1 |  905.0 |
               +--------+--------+--------+--------+--------+-----+--------+

Top non-repeatable levels by time:
     D:5: 2335 daAuts
     D:4: 1545 daAuts
     D:3: 1488 daAuts
     D:1: 1347 daAuts
     D:2: 1063 daAuts
   Sewer: 905 daAuts
     D:6: 762 daAuts
